 Dungeon Crawl Stone Soup version 0.23.2 (webtiles) character file.

Game seed: 2320304298819020754

100 sagitran the Slasher (level 4, -1/37 HPs)
             Began as a Demonspawn Chaos Knight on Mar 31, 2019.
             Was a Plaything of Xom.
             Shot with an arrow by a centaur (10 damage)
             ... on level 2 of the Dungeon.
             The game lasted 00:03:35 (1130 turns).

sagitran the Slasher (Demonspawn Chaos Knight)      Turns: 1130, Time: 00:03:41

Health: -1/37      AC:  7    Str: 12    XL:     4   Next: 47%
Magic:  4/4        EV: 11    Int: 14    God:    Xom [.....*]
Gold:   43         SH:  0    Dex: 15    Spells: 3/3 levels left

rFire    + . .     SeeInvis .   a - +0 falchion (chaos)
rCold    + . .     Gourm    .   (no shield)
rNeg     . . .     Faith    .   b - +2 leather armour
rPois    +         Spirit   .   (helmet restricted)
rElec    +         Reflect  .   (no cloak)
rCorr    +         Harm     .   m - +1 pair of gloves
MR       .....                  (no boots)
Stlth    ++........             (no amulet)
HPRegen  0.12/turn              (no ring)
MPRegen  0.09/turn              (no ring)

@: resistant
A: horns 1, thin skeletal structure 1
a: Renounce Religion


You were on level 2 of the Dungeon.
You worshipped Xom.
You were Xom's teddy bear.
You were not hungry.

You visited 1 branch of the dungeon, and saw 4 of its levels.

You collected 43 gold pieces.

Inventory:

Hand Weapons
 a - a +0 falchion of chaos (weapon)
 k - a +2 dagger of venom
Missiles
 i - 7 tomahawks (quivered)
Armour
 b - a +2 leather armour (worn)
 m - a +1 pair of gloves (worn)
Scrolls
 d - 2 scrolls of identify
 f - a scroll of enchant armour {unknown}
 h - 2 scrolls of teleportation
Potions
 g - a potion of degeneration {unknown}
 j - a potion of heal wounds {unknown}
 l - a potion of haste {unknown}
Comestibles
 c - 4 rations


   Skills:
 + Level 3.7 Fighting
 + Level 3.9 Long Blades
 + Level 2.2 Armour
 + Level 1.0 Dodging
 + Level 0.8 Stealth


You had 3 spell levels left.
You didn't know any spells.
Your spell library was empty.

Dungeon Overview and Level Annotations

Branches:
Dungeon (4/15)
 Temple: D:4-7

Altars:
Okawaru


Innate Abilities, Weirdness & Mutations

You have a pair of small horns on your head.
You have a somewhat thin skeletal structure. (Dex +2, Stealth)


Message History

You now have 43 gold pieces (gained 13).
You see here a scroll of identify.
You see here a scroll of identify.
d - 2 scrolls of identify (gained 1)
The centaur shouts!
The centaur wields a +0 shortbow.
The centaur shoots an arrow.
The arrow hits you!
The centaur shoots an arrow.
The arrow hits you.
You see here an arrow.
The centaur shoots an arrow.
The arrow hits you!
You see here an arrow.
It was a potion of resistance.
You feel protected.
Xom guffaws.
You attempt to intoxicate your foes!
The centaur shoots an arrow.
The arrow hits you.
* * * LOW HITPOINT WARNING * * *
The centaur shoots an arrow.
The arrow hits you!
You die...
Xom guffaws!

#. .#..# #.#.#
#.#.## #.#..
#.#c## #....##
###...@.## #
#....((..#
##.#........#
............#
##.##......##
#.##.#...##
#.##.###.#
#.##.###.######
#.##(#..........


You could see a centaur.

Vanquished Creatures
  A big kobold (D:2)
  A leopard gecko (D:2)
  An orc (D:4)
  2 giant cockroaches
  6 goblins
  3 hobgoblins
  2 kobolds
  A quokka (D:2)
  3 ball pythons
  2 bats (D:1)
  3 rats
25 creatures vanquished.

Notes
Turn   | Place    | Note
-------+----------+-------------------------------------------
     0 | D:1      | sagitran the Demonspawn Chaos Knight began the quest for
                  | the Orb.
     0 | D:1      | Reached XP level 1. HP: 18/18 MP: 1/1
    16 | D:1      | Found an iron altar of Okawaru.
   137 | D:1      | XOM: silly message
   289 | D:1      | Gained mutation: You have a pair of small horns on your
                  | head. [demonic ancestry]
   289 | D:1      | Reached XP level 2. HP: 24/24 MP: 2/2
   853 | D:2      | Noticed a big kobold
   863 | D:2      | Killed a big kobold
   863 | D:2      | Reached skill level 1 in Dodging
   863 | D:2      | Reached XP level 3. HP: 12/30 MP: 3/3
   863 | D:2      | Gained mutation: You have a somewhat thin skeletal
                  | structure. (Dex +2, Stealth) [demonic ancestry]
   863 | D:2      | Reached XP level 4. HP: 15/37 MP: 4/4
  1120 | D:2      | Noticed a centaur
  1130 | D:2      | XOM: cast spell 'Alistair's Intoxication'
  1130 | D:2      | Shot with an arrow by a centaur

Skill      XL: |  1  2 |
---------------+-------+-----
Long Blades    | 3 |  3.9
Armour         | 2 |  2.2
Dodging        | 1 |  1.0
Fighting       | |  3.7
Stealth        | |  0.8

Action                   |  1- 3 |  4- 6 || total
-------------------------+-------+-------++-------
Melee: Falchion          |    44 |     7 ||    51
       Headbutt          |     2 |       ||     2
  Use: Scroll            |     2 |       ||     2
       Potion            |       |     1 ||     1
 Stab: Sleeping          |     1 |     1 ||     2
  Eat: Ration            |       |     1 ||     1
Armor: Leather armour    |    15 |       ||    15
Dodge: Dodged            |    22 |     3 ||    25
       Rpst.: Falchion   |     8 |     3 ||    11
